 Dungeon Crawl Stone Soup version 0.19.5 (webtiles) character file.

66 tricornhat the Cudgeler (level 3, 0/29 HPs)
             Began as a Demonspawn Berserker on Mar 21, 2017.
             Was a Believer of Trog.
             Slain by a goblin
             ... wielding a +0 club
              (4 damage)
             ... on level 2 of the Dungeon.
             The game lasted 00:09:34 (1443 turns).

tricornhat the Cudgeler (Demonspawn Berserker)      Turns: 1443, Time: 00:09:34

Health: 0/29       AC:  4    Str: 18    XL:     3   Next: 96%
Magic:  3/3        EV: 12    Int:  8    God:    Trog [**....]
Gold:   86         SH:  0    Dex: 12    Spells: 0 memorised, 2 levels left

rFire  . . .     SeeInvis .     a - +0 mace
rCold  . . .     Gourm    .     b - +0 animal skin
rNeg   . . .     Faith    .     (no shield)
rPois  .         Spirit   .     (helmet restricted)
rElec  .         Reflect  .     (no cloak)
rCorr  .         Harm     .     (no gloves)
MR     .....                    (no boots)
Stlth  +.........               (no amulet)
                                (no ring)
                                (no ring)

@: drained
A: horns 1, thin metallic scales 1
a: Berserk, Trog's Hand, Burn Spellbooks, Renounce Religion


You were on level 2 of the Dungeon.
You worshipped Trog.
Trog was pleased with you.
You were hungry.

You visited 1 branch of the dungeon, and saw 2 of its levels.

You collected 86 gold pieces.

Inventory:

Hand Weapons
 a - a +0 mace (weapon)
Armour
 b - a +0 animal skin (worn)
 p - a +0 buckler
Scrolls
 g - 3 scrolls of identify {unknown}
 j - a scroll of amnesia {unknown}
 n - a scroll of teleportation {unknown}
 o - a scroll of recharging {unknown}
 u - a scroll of immolation {unknown}
Potions
 d - 2 potions of resistance {unknown}
 e - a potion of invisibility {unknown}
 f - 2 potions of heal wounds {unknown}
 i - a potion of magic {unknown}
 k - a potion of flight {unknown}
 m - a potion of curing {unknown}
 s - a potion of brilliance {unknown}
 t - a potion of lignification {unknown}
Comestibles
 c - 2 bread rations
 h - a meat ration
 l - a slice of pizza
 q - 2 fruits


   Skills:
 + Level 3.5(3.3) Fighting
 + Level 3.5(3.4) Maces & Flails
 + Level 1.9(1.8) Armour
 + Level 2.2(2.1) Dodging
 + Level 1.0(0.8) Stealth


You had 2 spell levels left.
You didn't know any spells.

Dungeon Overview and Level Annotations

Branches:
Dungeon (2/15)

Altars:
Dithmenos
Kikubaaqudgha
Trog


Innate Abilities, Weirdness & Mutations

You have a pair of small horns on your head.
You are partially covered in thin metallic scales. (AC +2)


Message History

You kill the hobgoblin!
Trog accepts your kill.
Your base Stealth skill increases to level 1!
The goblin hits you but does no damage.
You barely miss the goblin. The goblin hits you but does no damage.
You barely miss the goblin. The goblin hits you with a club.
* * * LOW HITPOINT WARNING * * *
You hit the goblin.
The goblin is moderately wounded.
The goblin hits you with a club.
* * * LOW HITPOINT WARNING * * *
You hit the goblin. Your headbutt misses the goblin.
The goblin is moderately wounded.
The goblin hits you with a club.
* * * LOW HITPOINT WARNING * * *
All of the chunks of flesh in your inventory have rotted away.
You see here a throwing net.
You hit the goblin but do no damage. Your headbutt misses the goblin.
The goblin hits you with a club.
You die...

.##.....## ##...#
#.......#
.###...## #.###
####..... .# ##+##
#.# #..### .# #.#
#.# #..#
#####.###### #(#
#..### #........#
#g# #.....
#....###.# #g#
#.###. #.....##.#
#g# #.###.
#....###.# #@#
#..... #
#.#.####.#####.#
#####.
###.##†..........#
##
.....†.....#######
############


You could see 3 goblins.

Vanquished Creatures
  An adder (D:2)
  An ooze (D:1)
  A worm (D:2)
  2 dart slugs
  2 bats (D:1)
  A giant cockroach (D:1)
  11 goblins
  6 hobgoblins
  9 jackals
  2 kobolds (D:1)
  3 frilled lizards (D:1)
  A rat (D:1)
40 creatures vanquished.

Notes
Turn   | Place    | Note
-------+----------+-------------------------------------------
     0 | D:1      | tricornhat the Demonspawn Berserker began the quest for the Orb.
     0 | D:1      | Reached XP level 1. HP: 18/18 MP: 1/1
   243 | D:1      | Gained mutation: You have a pair of small horns on your head. [demonic ancestry]
   243 | D:1      | Reached XP level 2. HP: 23/24 MP: 2/2
   936 | D:2      | Found an ancient bone altar of Kikubaaqudgha.
   936 | D:2      | Found a shadowy altar of Dithmenos.
   979 | D:2      | Gained mutation: You are partially covered in thin metallic scales. (AC +2) [demonic ancestry]
   979 | D:2      | Reached XP level 3. HP: 24/29 MP: 3/3
  1204 | D:2      | Found a bloodstained altar of Trog.
  1215 | D:2      | Reached ** piety under Trog
  1423 | D:2      | Reached skill level 1 in Stealth
  1443 | D:2      | Slain by a goblin

Skill      XL: |  1  2  3 |
---------------+----------+-----
Maces & Flails | 3 |  3.5
Dodging        | 2 |  2.2
Stealth        | 1 |  1.0
Fighting       | |  3.5
Armour         | |  1.9

Action                   || total
-------------------------++-------
Melee: Mace              ||   119
       Headbutt          ||    16
 Stab: Sleeping          ||     1
  Eat: Chunk             ||     1
Armor: Animal skin       ||    31
Dodge: Dodged            ||    73
